Map: Jagannatha LE

Players

Lambo - Winner!

  • Race: Zerg Zerg
  • League: Grandmaster
  • Spawn Location: 1:00

DisK

  • Race: Protoss Protoss
  • League: Master
  • Spawn Location: 7:00

VOD

Have the link to the VOD?

Description

Time

  • Played on: Feb. 14, 2021, 1:02 p.m.
  • Length: 10:31
Show
View Real Time Build Order
Export as new Build Order

Lambo Zerg - Winner!

Build Orders: Hatch First, Lurkers 

Get SALT Encoding   

  12  0:00  Drone  
  13  0:13  Overlord  
  13  0:17  Drone  
  14  0:31  Drone x2  
  16  0:48  Hatchery  
  15  0:51  Drone  
  15  0:55  Drone  
  17  0:58  Drone  
  18  1:09  Extractor  
  17  1:14  Spawning Pool  
  17  1:17  Drone  
  17  1:20  Drone  
  18  1:28  Drone  
  19  1:39  Drone  
  20  1:52  Drone  
  21  2:00  Queen x2  
  21  2:01  Zergling x2, Overlord  
  26  2:11  Zergling x2  
  26  2:12  Drone  
  26  2:14  Metabolic Boost  
  28  2:22  Drone x2  
  30  2:35  Hatchery  
  29  2:42  Drone x2  
  31  2:46  Drone  
  31  2:48  Overlord  
  32  2:56  Queen  
  32  2:57  Drone  
  35  3:01  Drone  
  36  3:08  Queen  
  36  3:09  Overlord  
  38  3:14  Drone x2  
  38  3:17  Zergling x2  
  38  3:19  Zergling x4  
  43  3:31  Evolution Chamber  
  43  3:33  Drone x2  
  43  3:37  Drone x2  
  46  3:48  Queen, Drone x5  
  53  3:53  Spore Crawler  
  52  3:57  Queen  
  52  4:00  Drone x2  
  57  4:02  Drone  
  57  4:07  Overlord  
  57  4:09  Drone  
  58  4:15  Overlord  
  58  4:19  Overlord  
  58  4:22  Lair  
  58  4:24  Extractor  
  58  4:27  Drone x6  
  58  4:31  Drone x2  
  65  4:33  Drone  
  65  4:35  Roach Warren  
  65  4:37  Drone  
  66  4:41  Drone  
  66  4:43  Drone  
  66  4:44  Drone  
  69  4:46  Evolution Chamber  
  69  4:49  Drone x3  
  69  4:50  Drone  
  69  4:51  Drone  
  69  4:52  Drone  
  74  4:55  Drone x2  
  74  4:58  Drone x4  
  79  5:04  Extractor  
  79  5:05  Extractor x2  
  79  5:06  Extractor  
  75  5:08  Drone x2  
  75  5:10  Queen  
  75  5:11  Zerg Missile Weapons Level 1  
  75  5:12  Drone  
  80  5:17  Drone x2  
  80  5:19  Spore Crawler  
  80  5:20  Drone  
  81  5:21  Overlord  
  81  5:23  Overlord, Hydralisk Den  
  81  5:25  Drone  
  81  5:27  Overlord  
  81  5:28  Overlord  
  81  5:33  Overlord  
  81  5:38  Drone, Overlord  
  81  5:39  Overlord  
  81  5:41  Drone  
  83  5:44  Queen  
  86  5:50  Drone x3  
  86  5:54  Hatchery  
  86  5:58  Hydralisk x3  
  86  6:01  Overlord  
  92  6:04  Hydralisk  
  94  6:11  Queen  
  94  6:13  Infestation Pit  
  94  6:15  Hydralisk x3  
  100  6:24  Drone x5  
  105  6:29  Muscular Augments  
  105  6:30  Evolution Chamber  
  105  6:31  Drone x3  
  107  6:34  Hydralisk x3  
  107  6:39  Hydralisk x2  
  113  6:41  Drone x2  
  113  6:45  Queen  
  121  6:50  Hydralisk x2  
  121  6:51  Drone  
  121  6:52  Drone  
  127  6:56  Hive  
  127  6:58  Lurker Den  
  127  6:59  Drone  
  127  7:00  Drone  
  128  7:05  Extractor  
  128  7:06  Extractor, Hydralisk x2  
  130  7:10  Queen  
  130  7:12  Queen  
  130  7:14  Zerg Missile Weapons Level 2  
  134  7:21  Drone x4, Zerg Ground Armor Level 1  
  138  7:23  Drone x2  
  138  7:27  Drone x2  
  138  7:28  Drone x2  
  144  7:31  Hydralisk x2  
  144  7:33  Drone  
  149  7:41  Overlord x3  
  149  7:43  Queen  
  150  7:51  Overlord x2  
  150  7:58  Queen x2  
  150  8:02  Roach x6  
  150  8:03  Roach x2  
  170  8:06  Roach x2  
  170  8:08  Overlord  
  170  8:09  Seismic Spines  
  170  8:11  Lurker x2  
  176  8:14  Overlord  
  176  8:19  Overlord  
  176  8:20  Lurker x3, Overlord  
  176  8:22  Lurker x4  
  176  8:26  Grooved Spines  
  183  8:31  Lurker  
  183  8:32  Lurker, Hydralisk x2  
  189  8:34  Queen, Drone, Overlord  
  189  8:37  Queen  
  189  8:39  Queen  
  196  8:42  Queen, Overseer  
  198  8:52  Spine Crawler  
  198  8:54  Drone  
  198  9:06  Adaptive Talons  
  198  9:12  Hatchery  
  197  9:36  Hydralisk  
  196  9:56  Spire  
  196  9:58  Hydralisk x2  
Show
View Real Time Build Order
Export as new Build Order

DisK Protoss 

Build Orders: 1 Gate Expand, Oracle Opening, Zealot Archon 

Get SALT Encoding   

  12  0:00  Probe  
  13  0:12  Probe  
  14  0:20  Pylon  
  14  0:24  Probe  
  15  0:38  Probe (Chrono Boost)  
  15  0:40  Gateway  
  16  0:48  Assimilator, Probe (Chrono Boost)  
  17  0:53  Probe (Chrono Boost)  
  18  1:04  Probe  
  19  1:16  Probe  
  20  1:26  Nexus  
  20  1:35  Cybernetics Core  
  20  1:39  Probe  
  21  1:45  Assimilator  
  21  1:51  Probe  
  22  1:56  Pylon  
  22  2:03  Probe (Chrono Boost)  
  23  2:12  Adept (Chrono Boost)  
  23  2:15  Probe (Chrono Boost)  
  26  2:21  Stargate, Probe  
  26  2:25  Warp Gate  
  27  2:33  Probe  
  27  2:35  Adept (Chrono Boost)  
  28  2:39  Probe  
  31  2:45  Probe  
  31  2:51  Probe  
  31  2:57  Probe  
  33  3:02  Adept  
  33  3:03  Probe  
  36  3:09  Probe  
  37  3:16  Probe, Void Ray (Chrono Boost)  
  37  3:19  Gateway, Pylon  
  42  3:28  Probe  
  42  3:31  Probe  
  44  3:40  Probe  
  45  3:41  Pylon  
  41  3:48  Probe  
  41  3:52  Probe  
  41  3:54  Oracle (Chrono Boost)  
  46  4:04  Nexus  
  46  4:06  Pylon  
  46  4:08  Probe x2  
  48  4:14  Stargate  
  48  4:18  Assimilator  
  48  4:20  Assimilator, Probe  
  48  4:24  Probe, Void Ray  
  54  4:33  Probe (Chrono Boost)  
  54  4:36  Adept  
  57  4:41  Probe (Chrono Boost)  
  59  4:50  Probe (Chrono Boost)  
  59  4:51  Probe (Chrono Boost)  
  59  4:52  Void Ray (Chrono Boost)  
  60  4:55  Probe (Chrono Boost)  
  60  4:56  Probe  
  66  5:06  Pylon  
  66  5:07  Probe  
  66  5:08  Probe  
  66  5:13  Void Ray (Chrono Boost)  
  68  5:19  Probe x2  
  68  5:20  Probe  
  75  5:27  Void Ray (Chrono Boost)  
  75  5:31  Probe, Twilight Council  
  75  5:33  Forge, Probe  
  75  5:34  Probe  
  82  5:40  Pylon  
  82  5:43  Pylon, Probe  
  82  5:44  Shield Battery  
  82  5:45  Probe  
  82  5:46  Probe  
  85  5:55  Probe  
  85  5:56  Assimilator  
  86  5:57  Probe  
  86  5:58  Charge, Probe  
  86  5:59  Assimilator  
  86  6:00  Gateway x2  
  88  6:04  Protoss Ground Weapons Level 1 (Chrono Boost)  
  88  6:07  Probe  
  88  6:10  Templar Archives  
  89  6:12  Zealot  
  89  6:14  Zealot  
  89  6:15  Probe  
  94  6:21  Gateway, Probe  
  94  6:22  Probe  
  96  6:27  Probe  
  96  6:32  Gateway  
  97  6:34  Pylon  
  97  6:35  Gateway  
  97  6:37  Psionic Storm  
  97  6:40  Probe x2  
  99  6:48  Gateway x2  
  99  6:52  Gateway  
  99  6:58  High Templar x3  
  99  7:00  High Templar  
  107  7:04  Pylon  
  107  7:08  Pylon x2  
  107  7:23  Nexus, Robotics Facility  
  107  7:27  Pylon  
  107  7:28  Pylon  
  107  7:33  Probe x2  
  109  7:37  High Templar  
  109  7:38  High Templar x2  
  109  7:43  Archon  
  115  7:48  Pylon  
  115  7:49  Pylon, Probe x2  
  115  7:50  Photon Cannon  
  117  7:53  Shield Battery  
  117  7:56  Zealot x4  
  117  7:57  Zealot x2, Photon Cannon  
  129  8:00  Photon Cannon  
  129  8:04  Photon Cannon  
  129  8:14  Photon Cannon, Probe x2  
  129  8:15  Shield Battery, Probe  
  129  8:19  High Templar  
  134  8:20  High Templar x3  
  134  8:25  Archon x2, Warp Prism (Chrono Boost)  
  140  8:32  Pylon  
  142  8:37  Assimilator  
  142  8:40  Assimilator  
  142  8:41  Pylon  
  142  8:43  Pylon  
  142  8:48  Fleet Beacon  
  142  8:53  Probe x2  
  146  8:59  Observer  
  145  9:16  Stargate  
  145  9:19  Pylon  
  145  9:22  Pylon, Zealot x10  
  149  9:45  Zealot  
  149  9:46  Zealot x9  
  149  9:48  Nexus  
  165  9:54  Archon  
  153  10:08  Observer  
  153  10:10  Zealot x3  
  153  10:11  Zealot x5  
Tags
 
Add a new tag
Caveats
  • Supply blocks, unpowered buildings, or Contaminate may cause inaccurate times.
  • Supply counts are checked every 10 seconds.